 Dungeon Crawl Stone Soup version 0.31.0-11-ge490571c62 (webtiles) character file.

Game seed: 15453477213711709397

25 mopl the Insei (level 3, -13/23 HPs)
             Began as an Octopode Shapeshifter on Feb 8, 2024.
             Killed by divine providence
             ... invoked by an orc priest
              (17 damage)
             ... on level 5 of the Dungeon.
             The game lasted 00:00:58 (1174 turns).

mopl the Insei (Octopode Shapeshifter)              Turns: 1174, Time: 00:01:00

Health: -13/23     AC:  1    Str: 13    XL:     3   Next: 4%
Magic:  3/3        EV: 13    Int: 12    God:
Gold:   46         SH:  0    Dex: 13    Spells: 2/2 levels left

rFire   . .          .
                       - Unarmed
rCold   . . .        (no shield)
rNeg    . . .        (helmet currently unavailable)
rPois   .            (no amulet)
rElec   .            (no ring)
rCorr   .            (no ring)
SInv    .            (no ring)
Will    .....        (no ring)
Stlth   ++           (no ring)
HPRegen 0.23/turn    (no ring)
MPRegen 0.08/turn    (no ring)
                     (no ring)

%: no passive effects
@: beast-form
A: beast (slay +1), almost no armour, amphibious, 8 rings, camouflage 1,
gelatinous body 1, (nimble swimmer 1), tentacles
a: Begin Untransformation


You were on level 5 of the Dungeon.
You were a hulking beast.
You visited 1 branch of the dungeon, and saw 4 of its levels.

You collected 46 gold pieces.

Inventory:

Talismans
 b - a beast talisman
 c - a flux talisman
Scrolls
 d - a scroll of fear {unknown}
 f - a scroll of immolation {unknown}
 i - a scroll of amnesia {unknown}
 j - a scroll of teleportation {unknown}
 k - 2 scrolls of identify {unknown}
 l - a scroll of summoning {unknown}
Potions
 a - a potion of lignification
 e - a potion of attraction {unknown}
 g - a potion of might {unknown}
 h - a potion of enlightenment {unknown}
 m - 2 potions of curing {unknown}
 n - a potion of brilliance {unknown}


   Skills:
 + Level 1.3 Fighting
 + Level 2.3 Dodging
 * Level 3.4 Unarmed Combat
 * Level 3.3 Shapeshifting


You had 2 spell levels left.
You didn't know any spells.
Your spell library was empty.

Dungeon Overview and Level Annotations

Branches:
Dungeon (5/15)
 Temple: D:4-7

Altars:


Innate Abilities, Weirdness & Mutations

You are a hulking beast.
Your limbs bulge with bestial killing power. (Slay +1)
You cannot wear most types of armour.
You are amphibious.
You can wear up to eight rings at the same time.
Your skin changes colour to match your surroundings (Stealth+).
Your rubbery body absorbs attacks. (AC +1, EV +1)
((You are camouflaged when in or above water. (Stealth+)))
You have tentacles for arms and can constrict up to eight enemies at once.


Message History

Found a hand axe.
Found a stone staircase leading down.
Found a stone staircase leading down.
There is a stone staircase leading down here.
There is a stone staircase leading down here.
An orc wizard and an orc come into view.
The orc wizard is wielding a +2 dagger of holy wrath.
An orc priest comes into view. It is wielding a +0 falchion.
The orc priest shouts!
You hear a shout!
There is a stone staircase leading down here.
The orc shouts!
You hear a shout!
The orc priest looks satisfied for a moment.
You tentacle-slap the orc. Your grab misses the orc.
The orc is severely wounded.
You closely miss the orc. Your grab misses the orc.
The orc is severely wounded.
The orc hits you with a +0 flail.
You tentacle-slap the orc.
You kill the orc!
The orc priest calls down the wrath of Beogh upon you.
You barely resist.
You have reached level 3!
Your experience leads to an increase in your attributes!
Increase (S)trength, (I)ntelligence, or (D)exterity?
You feel agile. x2
The orc priest mumbles some strange prayers to Beogh against you.
Beogh smites you!
Ouch! That really hurt!
* * * LOW HITPOINT WARNING * * *
Things that are here:
a +0 flail; a +0 leather armour; an orc corpse You are too injured to fight recklessly!
You are too injured to fight recklessly!
You tentacle-slap the orc priest. You grab the orc priest.
The orc priest is lightly wounded.
You constrict the orc priest.
The orc priest mumbles some strange prayers to Beogh against you.
Beogh smites you!
Ouch! That really hurt!
You die...

#......#..####
#.#
#.#####.#.#
#.# #.# #.#.#
#.. #.# #.#.#
### #.# #.#.#
# #.# #.#.#
#># #.#.# #.#
#.#.#
#h#####.#.#
#>o.......#
#######.###
#.# #o# #.#
#.# #.# #.#


You could see an orc priest.

Vanquished Creatures
  A dart slug (D:1)
  2 orcs
  4 ball pythons (D:1)
  3 endoplasms (D:1)
  A giant cockroach (D:1)
  A goblin (D:1)
  3 kobolds (D:1)
  A bat (D:1)
  2 rats
18 creatures vanquished.

Notes
Turn   | Place    | Note
-------+----------+-------------------------------------------
     0 | D:1      | mopl the Octopode Shapeshifter began the quest for the Orb.
     0 | D:1      | Reached XP level 1. HP: 13/13 MP: 1/1
   424 | D:1      | Reached XP level 2. HP: 18/18 MP: 2/2
  1058 | D:2      | You fall into a shaft and drop 2 floors!
  1076 | D:5      | Entered Level 5 of the Dungeon
  1173 | D:5      | Reached XP level 3. HP: 20/23 MP: 3/3
  1174 | D:5      | Killed from afar by an orc priest

Illustrated notes

Levels and vault maps discovered:
D:1:      dpeg_arrival_radiant, layout_basic, minmay_pentomino_p2
D:2:      layout_loops_ring, chequers_ecumenical_altar_island
D:4:      layout_cave_pools, nicolae_the_louvre
D:5:      layout_loops_ring, grunt_decor_cap

Action                     || total
---------------------------++-------
  Melee: Unarmed           ||    31
         Constrict         ||     6
         Tentacles         ||     5
   Stab: Sleeping          ||     5
 Armour: Skin              ||     4
  Dodge: Dodged            ||    14
